Elenmirie, neutral female gnomish Healer ----- ...| ---------..-- ------- |D......|...-- --%...... |A..@...|...5---%........ |..m@...-a..)))..%!..A... |.......|....---.)).).... |...A...|...-- --...)...- ---------..-- ----|---- ...| |.%.------- ----- |.........| -------...- |....- ---...- ... - Elenmirie the Medica ossium Experience level: 16 Strength: 18/14 Dexterity: 18 Constitution: 18 Intelligence: 14 Wisdom: 18 Charisma: 18 Health: 158(158) Energy: 157(157) Def: 38 Gold: 62 Moves: 26900 Dungeon seed: wRO5lEmX0Do8LLZk Game ID: Elenmirie_1654947093 Your Inventory: Coins $ - 62 gold pieces Amulets b - the blessed Eye of the Aethiopica s - an uncursed amulet of life saving (being worn) Weapons a - the blessed fireproof +6 Staff of Aesculapius (weapon in hands) Armor q - a blessed fireproof +1 pair of speed boots (being worn) z - a blessed very burnt +5 oilskin cloak (being worn) B - a blessed +3 Hawaiian shirt (being worn) G - a blessed +4 pair of leather gloves (being worn) R - an uncursed +4 silver dragon scale mail (being worn) Y - a blessed greased very burnt +3 elven leather helm (being worn) Comestibles L - a cursed lizard corpse Rings h - an uncursed ring of free action (on left hand) v - an uncursed ring of conflict (on right hand) F - an uncursed ring of teleport control H - an uncursed ring of levitation Wands k - an uncursed wand of sleep (0:5) A - an uncursed wand of cold (0:4) C - an uncursed wand of cancellation (0:4) I - an uncursed wand of secret door detection (0:7) Q - an uncursed wand of teleportation (0:7) S - an uncursed wand of teleportation (0:2) T - an uncursed wand of light (0:3) U - an uncursed wand of digging (0:4) V - an uncursed wand of cold (0:4) W - an uncursed wand of death (1:1) X - an uncursed wand of digging (0:2) Tools e - an uncursed skeleton key j - the uncursed Bell of Opening (0:2) l - an uncursed can of grease (0:11) n - an uncursed drum of earthquake (0:0) u - a blessed +0 unicorn horn w - a blessed greased fireproof bag of holding x - an uncursed towel N - an uncursed fire horn (0:5) O - the uncursed Candelabrum of Invocation (7 candles, lit) (0:168) P - an uncursed stethoscope Gems r - a blessed luckstone Contents of the bag of holding: 21981 gold pieces an uncursed amulet of reflection 12 uncursed +0 daggers an uncursed +0 helm of brilliance an uncursed +0 pair of levitation boots an uncursed +0 pair of water walking boots 5 uncursed K-rations 2 uncursed apples 7 uncursed food rations an uncursed lembas wafer 14 uncursed lumps of royal jelly 2 uncursed sprigs of wolfsbane 5 blessed scrolls of blank paper a cursed scroll of blank paper 5 blessed scrolls of charging an uncursed scroll of charging an uncursed scroll of confuse monster 2 uncursed scrolls of destroy armor 3 uncursed scrolls of earth an uncursed scroll of enchant armor 3 uncursed scrolls of enchant weapon a blessed scroll of food detection a blessed scroll of gold detection a blessed scroll of identify an uncursed scroll of identify a cursed scroll of identify an uncursed scroll of light 3 uncursed scrolls of magic mapping 2 blessed scrolls of remove curse an uncursed scroll of remove curse an uncursed scroll of scare monster 2 uncursed scrolls of scare monster 4 blessed scrolls of teleportation an uncursed scroll of teleportation 5 cursed scrolls of teleportation 6 uncursed potions of extra healing an uncursed potion of fruit juice 4 uncursed potions of full healing a blessed potion of gain energy 3 uncursed potions of gain energy an uncursed potion of hallucination an uncursed potion of healing a cursed potion of healing 9 potions of holy water an uncursed potion of invisibility an uncursed potion of object detection 2 uncursed potions of oil an uncursed potion of paralysis a cursed potion of paralysis 4 uncursed potions of restore ability 2 uncursed potions of see invisible an uncursed potion of sickness a potion of unholy water an uncursed ring of conflict a cursed ring of teleport control an uncursed wand of cold (0:2) an uncursed wand of digging (0:8) an uncursed wand of digging (0:8) an uncursed wand of digging (0:7) an uncursed wand of digging (0:7) an uncursed wand of digging (0:7) an uncursed wand of digging (0:6) an uncursed wand of digging (0:6) an uncursed wand of digging (0:5) an uncursed wand of digging (0:4) an uncursed wand of fire (0:5) an uncursed wand of magic missile (0:8) an uncursed wand of magic missile (0:4) an uncursed wand of polymorph (0:6) an uncursed wand of secret door detection (0:14) an uncursed wand of sleep (0:2) an uncursed wand of striking (0:4) an uncursed wand of striking (0:3) an uncursed wand of teleportation (0:8) an uncursed wand of undead turning (0:6) an uncursed wand of wishing (0:1) an uncursed bugle an uncursed magic marker (0:31) an uncursed magic marker (1:1) an uncursed magic whistle an uncursed +0 pick-axe 4 blessed tallow candles (0:200) an uncursed tallow candle (0:200) Spells and supernatural/magical abilities: Name Level Category Fail Memory h - healing 1 healing 0% 58% i - invisibility 4 escape 89% 64% k - knock 1 matter 0% 5% l - light 1 divination 0% 19% m - magic missile 2 attack 0% 63% n - detect monsters 1 divination 0% 64% o - cone of cold 4 attack 89% 39% p - protection 1* clerical 0% 0% r - remove curse 3 clerical 50% 83% u - confuse monster 2 enchantment 0% 26% x - extra healing 3 healing 0% 58% z - sleep 1 enchantment 0% 30% K - cure sickness 3 healing 0% 53% O - create monster 2* clerical 0% 0% R - restore ability 4 healing 0% 55% S - stone to flesh 3* healing 0% 0% V - teleportitis -- ability ? -- W - pray for help -- divine ? -- Your skills at the end: Fighting Skills Weapon Skills dagger [Skilled] knife [Basic] axe [Basic] quarterstaff [Expert] Spellcasting Skills healing spells [Basic] Final Attributes: You were piously aligned. You were fire resistant. You were cold resistant. You were sleep resistant. You were disintegration-resistant. You were shock resistant. You were poison resistant. You were level-drain resistant. You were magic-protected. You saw invisible. You were telepathic. You were warned. You had infravision. You caused conflict. You could teleport. You regenerated. You were protected. You were very fast. You had reflection. You had free action. Your life would have been saved. You were very lucky. You had extra luck. Good luck did not time out for you. You survived. Vanquished creatures: Orcus Juiblex The Wizard of Yendor (5 times) Pestilence a high priest Medusa 15 krakens The Cyclops a storm giant 2 glass golems a balrog 2 purple worms a gray dragon a silver dragon 4 red dragons an orange dragon 4 black dragons 5 blue dragons 5 green dragons 2 yellow dragons 21 minotaurs a jabberwock 4 baluchitheria 5 Angels Vlad the Impaler a stone golem a master mind flayer 3 Olog-hai a Nazgul 2 pit fiends a sandestin 3 hell hounds 3 titanotheres 5 trappers a baby yellow dragon 4 disenchanters 22 vampire lords 5 shades 5 skeletons 15 aligned priests 2 liches 5 nurses 6 ice devils a lurker above 7 frost giants an ettin 29 vampires 27 ghosts 4 lieutenants a rogue 2 queen bees 4 winged gargoyles a mind flayer 7 giant mimics 3 zruties 4 fire giants 5 ogre kings 2 ice trolls 4 rock trolls 2 umber hulks 2 flesh golems 3 Elvenkings 5 hezrous 20 bone devils 8 large mimics 3 wumpuses 2 fire vortices a long worm 7 couatls 5 stalkers 4 air elementals a fire elemental an earth elemental 2 water elementals 2 hill giants 2 giant mummies 4 black nagas 5 xorns 13 giant zombies 4 elf-lords 9 sergeants a water demon 3 barbed devils 9 vrocks a salamander 6 wargs 2 hell hound pups 29 small mimics a glass piercer 3 warhorses a steam vortex 6 xans 4 ettin mummies 5 ogre lords 9 quantum mechanics 6 trolls a sasquatch 3 wood golems an erinys 2 mariliths 7 sharks 8 electric eels 4 gelatinous cubes a pyrolisk a freezing sphere 5 flaming spheres 3 shocking spheres 2 large cats 4 tigers 6 gargoyles a dwarf king 2 tengu 2 ochre jellies 3 leocrottas 3 energy vortices 2 mountain centaurs 5 stone giants a red naga 4 green slimes 8 pit vipers 5 pythons a cobra 35 wraiths a carnivorous ape 11 ettin zombies 5 Grey-elves 51 soldiers 3 horned devils 6 succubi 6 incubi 5 crocodiles 2 giant beetles 2 quivering blobs 14 cockatrices 6 wolves 7 winter wolf cubs a lynx 2 panthers 2 gremlins a spotted jelly 9 leprechauns 4 orc-captains an iron piercer 2 mumakil 14 giant spiders 2 scorpions 2 horses 6 black lights 5 vampire bats 2 forest centaurs 2 gnome kings 4 orc mummies 2 ogres 4 brown puddings 7 rust monsters 5 owlbears a yeti a gold golem 2 werewolves 6 Green-elves 6 piranhas 16 giant eels 9 lizards 3 chickatrices a dog 2 dingos 2 housecats 3 jaguars 4 blue jellies a white unicorn 4 dust vortices a raven 5 plains centaurs 3 gnome mummies 14 snakes 3 water moccasins 8 apes 16 human zombies a Woodland-elf 13 soldier ants 10 fire ants 24 bugbears an imp 5 lemures 3 quasits a wood nymph 2 water nymphs 2 mountain nymphs 5 Mordor orcs 2 Uruk-hai an orc shaman 3 rock piercers 5 rock moles 3 ponies 3 fog clouds 5 yellow lights 3 shriekers 6 violet fungi 5 gnome lords a gnomish wizard 3 kobold mummies a red naga hatchling a black naga hatchling 4 gray oozes a barrow wight 9 elf zombies 11 ghouls a straw golem 5 jellyfish 13 giant ants a little dog 12 floating eyes 4 kittens 7 dwarves 3 homunculi 3 kobold lords 5 kobold shamans 20 hill orcs 6 rothes 23 rabid rats 3 centipedes 4 giant bats 3 monkeys 14 orc zombies 15 dwarf zombies a wererat a werejackal 6 iguanas 70 killer bees 7 acid blobs 3 coyotes 3 gas spores 10 hobbits 19 manes 3 large kobolds 21 hobgoblins 48 giant rats 9 cave spiders 5 brown molds 3 yellow molds 3 green molds 6 red molds 15 gnomes 17 garter snakes 16 gnome zombies 12 geckos 9 jackals a fox 6 goblins 9 sewer rats 17 grid bugs a bat 9 lichens 11 kobold zombies 6 newts 1515 creatures vanquished. Genocided species: master mind flayers liches demiliches master liches arch-liches jellyfish piranhas sharks giant eels electric eels krakens 11 species genocided. Voluntary challenges: You used a wielded weapon 3354 times, starting on turn 208. You read items or engraved 180 times, starting on turn 547. You genocided 11 types of monsters, starting on turn 16324. You never polymorphed an object. You never changed form. You used 9 wishes, starting on turn 545. You wished for your your first artifact on turn 3505. You split 1 pudding, starting on turn 12393. You never wrote Elbereth's name. You violated your moral code, losing 218 points of alignment, starting on turn 4128. Dungeon overview: The Dungeons of Doom: levels 1 to 27 Level 1 stairs to The Elemental Planes Level 2 a fountain stairs to The Gnomish Mines Level 3 a general store Level 4 a general store Level 5 an altar to Hermes Level 6 a general store, a fountain Level 7 Level 8 an altar to Hermes Level 9 Level 10 stairs to Sokoban Level 11 Level 12 Level 13 a fountain Level 14 a general store Level 15 portal to The Quest Level 16 Level 17 Level 18 (sleep book) a fountain Level 19 an altar to Hermes Level 20 a sink Level 21 (small lep hall) a fountain Level 22 a jewelry store, an altar to Poseidon, a fountain Level 23 Level 24 Level 25 Level 26 Level 27 a fountain Gehennom: levels 28 to 51 Level 28 a temple to Moloch stairs to The Dungeons of Doom Level 29 Level 30 Level 31 Level 32 Level 33 Level 34 Level 35 Level 36 Level 37 Level 38 some shops, an altar to Moloch Level 39 stairs to Vlad's Tower Level 40 Level 41 Level 42 portal to Gehennom Level 43 Level 44 Level 45 Level 46 portal to Gehennom Level 47 Level 48 Level 49 Level 50 Level 51 The Gnomish Mines: levels 3 to 11 Level 3 stairs to The Dungeons of Doom Level 4 Level 5 some shops, a temple to Hermes, some fountains, a sink Level 6 Level 7 Level 8 Level 9 Level 10 Level 11 The Quest: levels 1 to 6 Level 1 an altar to Hermes portal to The Dungeons of Doom Level 2 Level 3 a temple to Poseidon Level 4 Level 5 Level 6 Sokoban: levels 6 to 9 Level 6 Level 7 Level 8 Level 9 stairs to The Dungeons of Doom Vlad's Tower: levels 36 to 38 Level 36 Level 37 Level 38 stairs to Gehennom The Elemental Planes: Astral Plane <- You were here a high altar Plane 4 portal to The Elemental Planes Plane 3 portal to The Elemental Planes Plane 2 portal to The Elemental Planes Plane 1 portal to The Elemental Planes History has recorded: On T:1 you entered the Dungeons of Doom to retrieve the Amulet of Yendor! On T:272 you reached level 2 of The Dungeons of Doom. On T:535 you reached level 1 of The Gnomish Mines. On T:545 you wished for "3 blessed scrolls of charging". On T:548 you wished for "blessed fixed +3 silver dragon scale mail". On T:557 you wished for "blessed fixed +3 speed boots". On T:797 you reached level 2 of The Gnomish Mines. On T:879 you reached level 3 of The Gnomish Mines. On T:1136 you advanced to experience level 2. On T:1289 you advanced to experience level 3. On T:2081 you advanced to experience level 4. On T:2736 you reached level 3 of The Dungeons of Doom. On T:3131 you reached level 4 of The Dungeons of Doom. On T:3162 you reached level 5 of The Dungeons of Doom. On T:3296 you advanced to experience level 5. On T:3505 you wished for "blessed fixed Eye of the Aethiopica". On T:4424 you advanced to experience level 6. On T:4519 you reached level 6 of The Dungeons of Doom. On T:4886 you received Cleaver from Hermes. On T:5029 you reached level 7 of The Dungeons of Doom. On T:5389 you wished for "blessed fixed greased bag of holding". On T:5391 you reached level 8 of The Dungeons of Doom. On T:5520 you reached level 9 of The Dungeons of Doom. On T:5554 you advanced to experience level 7. On T:5730 you reached level 10 of The Dungeons of Doom. On T:5858 you wished for "3 blessed scrolls of genocide". On T:5885 you reached level 4 of Sokoban. On T:6098 you reached level 3 of Sokoban. On T:6467 you advanced to experience level 8. On T:6474 you reached level 2 of Sokoban. On T:6750 you reached level 1 of Sokoban. On T:8429 you reached level 4 of The Gnomish Mines. On T:8617 you reached level 5 of The Gnomish Mines. On T:8622 you reached level 7 of The Gnomish Mines. On T:8752 you reached level 6 of The Gnomish Mines. On T:8874 you reached level 8 of The Gnomish Mines. On T:9089 you reached level 9 of The Gnomish Mines. On T:9101 you advanced to experience level 9. On T:10998 you reached level 11 of The Dungeons of Doom. On T:11074 you advanced to experience level 10. On T:11271 you reached level 12 of The Dungeons of Doom. On T:11540 you reached level 13 of The Dungeons of Doom. On T:11827 you reached level 14 of The Dungeons of Doom. On T:12010 you reached level 15 of The Dungeons of Doom. On T:12218 you reached level 16 of The Dungeons of Doom. On T:12253 you reached level 1 of The Quest. On T:12491 you reached level 17 of The Dungeons of Doom. On T:12703 you reached level 18 of The Dungeons of Doom. On T:13050 you advanced to experience level 11. On T:13143 you reached level 19 of The Dungeons of Doom. On T:13352 you reached level 20 of The Dungeons of Doom. On T:13717 you reached level 21 of The Dungeons of Doom. On T:13978 you reached level 22 of The Dungeons of Doom. On T:14279 you reached level 23 of The Dungeons of Doom. On T:14735 you reached level 24 of The Dungeons of Doom. On T:14747 you killed Medusa on level 23 of The Dungeons of Doom. On T:14891 you reached level 25 of The Dungeons of Doom. On T:14969 you reached level 26 of The Dungeons of Doom. On T:15374 you reached The Castle. On T:15492 you advanced to experience level 12. On T:16559 you reached The Valley of the Dead. On T:16797 you advanced to experience level 13. On T:16877 you advanced to experience level 14. On T:19259 you embarked upon an epic quest. On T:19271 you reached level 2 of The Quest. On T:19283 you reached level 3 of The Quest. On T:19377 you reached level 4 of The Quest. On T:19465 you reached level 5 of The Quest. On T:19595 you reached level 6 of The Quest. On T:19612 you killed Cyclops on level 6 of The Quest. On T:19908 you advanced to experience level 15. On T:20111 you reached level 2 of Gehennom. On T:20119 you reached level 3 of Gehennom. On T:20487 you reached level 5 of Gehennom. On T:20703 you killed Juiblex on level 5 of Gehennom. On T:20747 you reached level 6 of Gehennom. On T:20762 you reached level 7 of Gehennom. On T:20767 you reached level 8 of Gehennom. On T:21475 you reached level 9 of Gehennom. On T:21552 you reached level 10 of Gehennom. On T:21586 you reached level 11 of Gehennom. On T:21669 you reached level 12 of Gehennom. On T:21712 you reached level 3 of Vlad's Tower. On T:21801 you reached level 2 of Vlad's Tower. On T:21868 you reached level 1 of Vlad's Tower. On T:21899 you advanced to experience level 16. On T:21980 you killed Vlad the Impaler on level 1 of Vlad's Tower. On T:21990 you wished for "uncursed magic marker". On T:22163 you killed Orcus on level 12 of Gehennom. On T:22551 you wished for "3 potions of unholy water". On T:22592 you reached level 23 of Gehennom. On T:22772 you reached level 22 of Gehennom. On T:22927 you reached level 21 of Gehennom. On T:23116 you reached level 20 of Gehennom. On T:23180 you reached level 19 of Gehennom. On T:23294 you reached level 15 of Gehennom. On T:23395 you reached level 13 of Gehennom. On T:23478 you killed Wizard of Yendor on level 13 of Gehennom. On T:23516 you performed the invocation. On T:23518 you reached level 24 of Gehennom. On T:23563 you killed high priestess of Moloch on level 24 of Gehennom. On T:23566 you gained the Amulet of Yendor! On T:23571 you lost the Amulet of Yendor. On T:23571 you gained the Amulet of Yendor! On T:23711 you reached level 18 of Gehennom. On T:23844 you reached level 17 of Gehennom. On T:24158 you reached level 16 of Gehennom. On T:24700 you reached level 14 of Gehennom. On T:25180 you killed Wizard of Yendor on level 8 of Gehennom. On T:25339 you reached level 4 of Gehennom. On T:26053 you killed Wizard of Yendor in The Castle. On T:26156 you wished for "2 cursed potions of gain level". On T:26546 you killed Wizard of Yendor on level 8 of The Dungeons of Doom. On T:26725 you reached the Plane of Earth. On T:26726 you killed Wizard of Yendor on the Plane of Earth. On T:26755 you reached the Plane of Air. On T:26793 you reached the Plane of Fire. On T:26830 you reached the Plane of Water. On T:26867 you reached the Astral Plane. On T:26873 you killed Pestilence on the Astral Plane. On T:26900 you lost the Amulet of Yendor. On T:26900 you offered the Amulet of Yendor to Hermes and ascended to the status of Demigoddess! Score breakdown: Gold: 20210 (14646 points) Experience: 16 levels (21575 points) Exploration: 51 levels (100.00%) (30000 points) Discoveries: 99 items ( 33.90%) (17468 points) Valuables value: 300 ( 8431 points) Artifact value: 19000 (14554 points) Variety of kills: 255 monsters ( 66.93%) (24543 points) Turncount: 26900 turns (-3840 points) Survival: ascended (score multiplied by 200%) Total score: 254754 Latest messages: The black dragon bites the giant mimic. The black dragon hits the giant mimic. (2x) The giant mimic misses the black dragon. (2x) The Angel of Poseidon zaps a wand of lightning! The bolt of lightning hits the Angel of Poseidon. The bolt of lightning bounces! The bolt of lightning hits the Angel of Poseidon. A mysterious force prevents you from teleporting! Please move the cursor to an unknown object. An aligned altar. The black dragon misses the Angel of Poseidon. (3x) There is an altar to Hermes (neutral) here. You offer the Amulet of Yendor to Hermes... An invisible choir sings, and you are bathed in radiance... The voice of Hermes rings out: "Congratulations, mortal!" "In return for thy service, I grant thee the gift of Immortality!" You ascend to the status of Demigoddess... Final status: Goodbye Elenmirie the Demigoddess, ascended... You went to your reward with 254754 points, The Staff of Aesculapius (worth 5000 zorkmids) The Eye of the Aethiopica (worth 4000 zorkmids) The Bell of Opening (worth 5000 zorkmids) The Candelabrum of Invocation (worth 5000 zorkmids) 1 amulet of life saving (worth 150 zorkmids), 1 amulet of reflection (worth 150 zorkmids), and 22043 pieces of gold, after 26900 moves. You were level 16 with a maximum of 158 hit points when you ascended.